 Dungeon Crawl Stone Soup version 0.29-a0-334-gb41bcbb86e (webtiles) character file.

Game seed: 2864006682271423765

132 jlumianski the Skirmisher (level 4, -7/37 HPs)
             Began as a Demonspawn Fighter on Apr 14, 2022.
             Killed from afar by a gnoll (29 damage)
             ... with a bolt of acid
             ... on level 3 of the Dungeon.
             The game lasted 00:09:17 (3552 turns).

jlumianski the Skirmisher (Demonspawn Fighter)      Turns: 3552, Time: 00:09:18

Health: -7/37      AC:  6    Str: 19    XL:     4   Next: 92%
Magic:  4/4        EV:  9    Int:  9    God:
Gold:   185        SH:  4    Dex: 12    Spells: 3/3 levels left

rFire   . . .      SeeInvis .   a - +0 war axe
rCold   . . .      Faith    .   c - +0 buckler
rNeg    . . .      Spirit   .   b - +0 scale mail
rPois   +          Reflect  .   (no helmet)
rElec   .          Harm     .   (no cloak)
rCorr   .          Rampage  .   (no gloves)
Will    .....                   (no boots)
Stlth   ..........              (no amulet)
HPRegen 0.12/turn               q - ring of poison resistance
MPRegen 0.09/turn               (no ring)

@: mighty
A: spiny 1, demonic touch 1
a: no special abilities


You were on level 3 of the Dungeon.
You visited 1 branch of the dungeon, and saw 4 of its levels.

You collected 185 gold pieces.

Inventory:

Hand Weapons
 a - a +0 war axe (weapon)
 l - a +3 hand axe
Missiles
 g - 108 stones (quivered)
 h - 6 atropa-tipped darts
 z - 3 poisoned darts
Armour
 b - a +0 scale mail (worn)
 c - a +0 buckler (worn)
Jewellery
 q - a ring of poison resistance (left hand)
Wands
 r - a wand of iceblast (2)
Scrolls
 e - a scroll of enchant weapon {unknown}
 f - 4 scrolls of teleportation {unknown}
 k - a scroll of blinking {unknown}
 m - 2 scrolls of identify {unknown}
 o - a scroll of amnesia {unknown}
 t - a scroll of enchant armour {unknown}
 v - a scroll of silence {unknown}
 y - a scroll of holy word {unknown}
Potions
 j - a potion of flight {unknown}
 n - a potion of attraction {unknown}
 p - a potion of mutation {unknown}
 s - 2 potions of berserk rage {unknown}
 u - a potion of cancellation {unknown}
 w - a potion of lignification {unknown}
 x - 2 potions of degeneration {unknown}


   Skills:
 + Level 4.1 Fighting
 + Level 3.3 Axes
 + Level 3.0 Armour
 + Level 0.9 Dodging
 + Level 2.8 Shields


You had 3 spell levels left.
You didn't know any spells.
Your spell library contained the following spells:

 Spells                   Type           Power      Damage    Failure   Level
 Sandblast                Erth           0%         2d4       85%         1
 Passwall                 Tmut/Erth      0%         N/A       94%         2
 Stone Arrow              Conj/Erth      0%         3d7       99%         3
 Fireball                 Conj/Fire      0%         3d3       100%        5
 Iskenderun's Battlesphe  Conj           0%         2d6       100%        5
 Conjure Ball Lightning   Conj/Air       0%         3x3d6     100%        6
 Orb of Destruction       Conj           0%         9d5       100%        7


Dungeon Overview and Level Annotations

Branches:
Dungeon (4/15)
 Temple: D:4-7

Altars:
Makhleb

Annotations:
D:3 chunkyMonkey's ghost, amateur BaTm


Innate Abilities, Weirdness & Mutations

You are partially covered in sharp spines.
Your touch may inflict minor irresistible damage on your foes.


Message History

The gnoll is struck by your spines. The gnoll hits you with a +0 club.
You slash the gnoll!
You kill the gnoll!
Your Armour skill increases to level 3!
Things that are here:
a +0 club; a gnoll corpse
There is a transporter landing site, spattered with blood here.
You enter the shallow water.
Moving in this stuff is going to be slow.
The gnoll shouts!
You start resting.
The gnoll shouts!
HP restored.
There is a transporter here.
You enter the transporter and appear at another place.
The gnoll shouts! x2
The gnoll throws a throwing net.
The throwing net hits you.
You become entangled in the net!
There is an open translucent door here.
You see here a throwing net.
You tear a large gash into the net.
You struggle against the net.
The gnoll hits you from afar with a +0 halberd of venom!
You shred the net and break free!
The gnoll hits you from afar with a +0 halberd of venom!
The gnoll shouts!
The gnoll is struck by your spines.
The gnoll hits you with a +0 halberd of venom.
* * * LOW HITPOINT WARNING * * *
Okay, then.
You feel better.
The gnoll zaps a wand.
The bolt of acid hits you. The gnoll hits you but does no damage.
You are poisoned.
You feel better. The gnoll is struck by your spines.
The gnoll hits you with a +0 flail. The gnoll closely misses you.
The gnoll misses you.
You feel very mighty all of a sudden.
The gnoll zaps a wand.
The bolt of acid hits you!!
Ouch! That really hurt!
You die...

#.# #.##..≈≈#.g#8###8#..#≈≈...#
#.# #.##..≈≈##.###g###.##≈≈...#
#.###.....≈≈#...........#≈≈...#
#..)......≈≈###.##'##.###≈≈...##
#######...≈≈..#$#...#.#..≈≈...#.
#...≈≈.##.'g..'.##.≈≈...#.
#...≈≈.#©.#...#..#.≈≈...#.
#####.#.≈≈.##g##.##.##.≈≈.#...
#...#...≈≈.)#@#...#.#.....##..
#.#.#...≈≈.©#.gg©.'.#©.....#..
#.#.#.#.≈≈..#.#8⌠8#.#.........
#.#.#.#.≈≈.##.#####.##.≈≈.##.#
#.#.#.#.≈≈.#..# #.g#.≈≈.....
#.#.#.#.≈≈.##.#g .#.##.≈≈.##..
##.#.#.#.≈≈..#.#..$#.#..≈≈..##.
###...<..#.≈≈###.##'##.###≈≈.....
.........#.≈≈#..........g#≈≈..##.


You could see 4 gnolls.

Vanquished Creatures
  4 adders
  4 gnolls
  3 worms
  A dart slug (D:2)
  8 ball pythons
  2 bats (D:1)
  4 endoplasms
  4 giant cockroaches
  4 goblins
  2 hobgoblins
  6 kobolds
  3 quokkas
  4 frilled lizards
  2 rats
51 creatures vanquished.

Vanquished Creatures (others)
  6 plants (D:3)
6 creatures vanquished.

Grand Total: 57 creatures vanquished

Notes
Turn   | Place    | Note
-------+----------+-------------------------------------------
     0 | D:1      | jlumianski the Demonspawn Fighter began the quest for the
                  | Orb.
     0 | D:1      | Reached XP level 1. HP: 18/18 MP: 1/1
    56 | D:1      | Found a faded altar of an unknown god.
   193 | D:1      | Gained mutation: You are partially covered in sharp spines.
                  | [demonic ancestry]
   193 | D:1      | Reached XP level 2. HP: 17/24 MP: 2/2
   827 | D:1      | Gained mutation: Your touch may inflict minor irresistible
                  | damage on your foes. [demonic ancestry]
   827 | D:1      | Reached XP level 3. HP: 26/30 MP: 3/3
  1163 | D:3      | Found a transporter.
  1945 | D:2      | Reached XP level 4. HP: 29/37 MP: 4/4
  2087 | D:3      | Reached skill level 4 in Fighting
  2824 | D:3      | Found a transporter.
  3241 | D:3      | Found a burning altar of Makhleb.
  3392 | D:3      | Noticed chunkyMonkey's ghost (amateur BaTm)
  3552 | D:3      | Killed from afar by a gnoll

Illustrated notes

Levels and vault maps discovered:
D:1:      co_arrival_random_square_maze, layout_loops_corners,
          nicolae_ecumenical_lake_church, minmay_vboxes
D:2:      layout_basic
D:3:      layout_basic, nicolae_overflow_hidden_temple,
          gammafunk_ghost_gnarly_gnolls, hangedman_glass_teeth
D:4:      layout_loops_ring, amcnicky_mini_rare_corridor_liquid, uniq_sigmund,
          uniq_blork_the_orc

Skill      XL: |  1  2  3  4 |
---------------+-------------+-----
Axes           | 2 3 |  3.3
Fighting       | 4 |  4.1
Armour         | 3 |  3.0
Dodging        | |  0.9
Shields        | |  2.8

Action                   |  1- 3 |  4- 6 || total
-------------------------+-------+-------++-------
Melee: War axe           |    65 |    46 ||   111
Throw: Stone             |     7 |       ||     7
Evoke: Wand              |       |     1 ||     1
  Use: Potion            |     1 |     3 ||     4
Armor: Scale mail        |    26 |    16 ||    42
Dodge: Dodged            |    21 |    21 ||    42
Block: Buckler           |    11 |     4 ||    15

Table legend: (Time is in decaauts)
 A = Elapsed time spent in this place.
 B = Non-inter-level travel time spent in this place.
 C = Inter-level travel time spent in this place.
 D = Time resting spent in this place.
 E = Time spent auto-exploring this place.
 F = Levels seen in this place.
 G = Mean time per level.
                   A        B        C        D        E       F      G
               +--------+--------+--------+--------+--------+-----+--------+
         Total |   3608 |   3571 |     37 |     47 |   2197 |   4 |  902.0 |
       Dungeon |   3608 |   3571 |     37 |     47 |   2197 |   4 |  902.0 |
               +--------+--------+--------+--------+--------+-----+--------+

Top non-repeatable levels by time:
     D:1: 1286 daAuts
     D:3: 1228 daAuts
     D:2: 1070 daAuts
     D:4: 21 daAuts
